 Dungeon Crawl Stone Soup version 0.19.3-4-gbf9329e (webtiles) character file.

319 getnixed the Covert (level 6, -6/30 HPs)
             Began as a Spriggan Assassin on Jan 30, 2017.
             Was an Initiate of Dithmenos.
             Mangled by a mummy (17 damage)
             ... in an ossuary.
             The game lasted 00:12:05 (3339 turns).

getnixed the Covert (Spriggan Assassin)             Turns: 3339, Time: 00:12:06

Health: -6/30      AC:  4    Str:  8    XL:     6   Next: 21%
Magic:  7/7        EV: 21    Int: 13    God:    Dithmenos [......]
Gold:   214        SH:  0    Dex: 18    Spells: 0 memorised, 5 levels left

rFire  . . .     SeeInvis +     r - +3 short sword (speed)
rCold  . . .     Gourm    .     c - +1 robe
rNeg   . . .     Faith    .     (shield restricted)
rPois  .         Spirit   .     (helmet restricted)
rElec  .         Reflect  .     d - +0 cloak
rCorr  .         Harm     .     (gloves unavailable)
MR     +....                    (boots unavailable)
Stlth  ++++......               (no amulet)
                                (no ring)
                                (no ring)

@: very quick
A: unfitting armour, see invisible, herbivore 3, speed 3, slow metabolism 2
a: Renounce Religion


You were in an ossuary.
You worshipped Dithmenos.
Dithmenos was noncommittal.
You were hungry.

You visited 2 branches of the dungeon, and saw 5 of its levels.
You also visited: Ossuary.

You collected 214 gold pieces.

Inventory:

Hand Weapons
 b - a +0 blowgun
 r - a +3 short sword of speed (weapon)
Missiles
 e - 25 poisoned needles (quivered)
 f - 2 curare-tipped needles
Armour
 c - a +1 robe (worn)
 d - a +0 cloak (worn)
Scrolls
 h - 2 scrolls of remove curse
 i - a scroll of amnesia
 j - 3 scrolls of identify
 l - 2 scrolls of fear
 n - 2 scrolls of magic mapping
 p - a scroll of enchant weapon
 s - a scroll of enchant armour
 t - a scroll of recharging {unknown}
 y - a scroll of blinking
Potions
 a - 2 potions of lignification {unknown}
 k - a potion of degeneration {unknown}
 m - a potion of magic
 o - a potion of cancellation {unknown}
 u - a potion of curing
 v - a potion of brilliance {unknown}
 w - a potion of cure mutation {unknown}
Comestibles
 g - 5 bread rations
 q - 4 fruits
 x - a royal jelly


   Skills:
 - Level 1.5 Fighting
 * Level 4.3 Short Blades
 - Level 2.0 Throwing
 * Level 5.4 Dodging
 * Level 8.3 Stealth


You had 5 spell levels left.
You didn't know any spells.

Dungeon Overview and Level Annotations

Branches:
Dungeon (4/15)             Temple (1/1) D:4

Altars:
Ashenzari
Cheibriados
Dithmenos
Elyvilon
Fedhas
Gozag
Hepliaklqana
Kikubaaqudgha
Makhleb
Nemelex Xobeh
Qazlal
Sif Muna
Trog
Vehumet
Xom
Yredelemnul
Zin
The Shining One

Annotations:
D:2 Natasha
D:4 pib's ghost, novice NaTm


Innate Abilities, Weirdness & Mutations

You are very small and have problems with some larger weapons.
You are too small for most types of armour.
You have supernaturally acute eyesight. (SInv)
You are a herbivore.
You cover ground extremely quickly.
You need consume almost no food.


Message History

The centaur zombie misses you.
You hit the centaur zombie.
You destroy the centaur zombie!
Dithmenos accepts your kill. The mummy hits you!
There is an open door here.
You close the door.
You start resting.
You hit the mummy.
The mummy is moderately damaged.
You hit the mummy.
The mummy is moderately damaged.
You hit the mummy.
The mummy is severely damaged.
You are feeling hungry.
You hit the mummy.
The mummy is severely damaged.
The mummy hits you!
Ouch! That really hurt!
You die...

### #@#
.≈.#+#+#+#M#
≈≈M....Z.ZM+
M##'##'##.#
#...#.+
#.∩.#.#
#∩..#.+
#####.# ..'


You could see 2 mummies and a worker ant zombie.

Vanquished Creatures
  A scorpion (D:4)
  A centaur zombie (Ossuary)
  An orc priest (D:3)
  An orc wizard (D:3)
  Natasha (D:2)
  4 adders
  An ooze (D:1)
  2 worms (D:4)
  2 dart slugs
  2 leopard geckos
  21 orcs
  A ball python (D:3)
  7 bats
  2 giant cockroaches
  6 goblins
  6 hobgoblins
  4 jackals (D:1)
  6 kobolds
  A quokka (D:4)
  5 frilled lizards
  10 rats
85 creatures vanquished.

Vanquished Creatures (others)
  A withered plant (Ossuary)
1 creature vanquished.

Grand Total: 86 creatures vanquished

Notes
Turn   | Place    | Note
-------+----------+-------------------------------------------
     0 | D:1      | getnixed the Spriggan Assassin began the quest for the Orb.
     0 | D:1      | Reached XP level 1. HP: 10/10 MP: 2/2
    73 | D:1      | Reached XP level 2. HP: 11/14 MP: 3/3
   432 | D:1      | Reached skill level 6 in Stealth
   626 | D:1      | Reached XP level 3. HP: 8/18 MP: 4/4
   936 | D:2      | Noticed Natasha
   952 | D:2      | Killed Natasha
  1186 | D:2      | Found a stormy altar of Qazlal.
  1325 | D:2      | Reached XP level 4. HP: 22/22 MP: 5/5
  1465 | D:2      | Noticed Natasha
  1494 | D:2      | Found a white marble altar of Elyvilon.
  1539 | D:2      | Found a bloodstained altar of Trog.
  2028 | D:3      | Reached skill level 7 in Stealth
  2318 | D:3      | Reached XP level 5. HP: 24/25 MP: 6/6
  2398 | D:3      | Found a radiant altar of Vehumet.
  2523 | D:3      | Found a shattered altar of Ashenzari.
  2524 | D:3      | Found an opulent altar of Gozag.
  2525 | D:3      | Found a glowing silver altar of Zin.
  2526 | D:3      | Found a basalt altar of Yredelemnul.
  2805 | D:4      | Found a staircase to the Ecumenical Temple.
  2813 | Temple   | Entered the Ecumenical Temple
  2970 | Temple   | Became a worshipper of Dithmenos the Shadowed
  3033 | D:4      | Noticed pib's ghost (novice NaTm)
  3107 | D:4      | Reached skill level 5 in Dodging
  3127 | D:4      | Reached skill level 8 in Stealth
  3277 | D:4      | Reached XP level 6. HP: 29/30 MP: 7/7
  3304 | D:4      | Found a sand-covered staircase.
  3313 | Ossuary  | Entered an ossuary
  3339 | Ossuary  | Mangled by a mummy

Skill      XL: |  1  2  3  4  5 |
---------------+----------------+-----
Dodging        | 2 3 4 5 |  5.4
Stealth        | 6 7 8 |  8.3
Short Blades   | 3 4 |  4.3
Fighting       | |  1.5
Throwing       | |  2.0

Action                   |  1- 3 |  4- 6 || total
-------------------------+-------+-------++-------
Melee: Dagger            |   110 |   103 ||   213
       Short sword       |       |   117 ||   117
 Fire: Blowgun           |       |    15 ||    15
  Use: Scroll            |     5 |     8 ||    13
       Potion            |     3 |     3 ||     6
 Stab: Sleeping          |     6 |    10 ||    16
Armor: Robe              |     8 |    16 ||    24
Dodge: Dodged            |   104 |   148 ||   252
